 Dungeon Crawl Stone Soup version 0.31.0-12-g77e489cdc1 (webtiles) character file.

Game seed: 3829110502877193666

375 Curundu the Chopper (level 6, -3/84 HPs)
             Began as a Minotaur Berserker on Feb 21, 2024.
             Was a Believer of Trog.
             Slain by an ogre
             ... wielding a +0 giant club
              (30 damage)
             ... on level 4 of the Dungeon.
             The game lasted 00:07:11 (2902 turns).

Curundu the Chopper (Minotaur Berserker)            Turns: 2902, Time: 00:07:12

Health: -3/84      AC: 10    Str: 23    XL:     6   Next: 44%
Magic:  5/5        EV: 11    Int:  4    God:    Trog [**....]
Gold:   164        SH:  0    Dex: 10    Spells: 5/5 levels left

rFire   . . .        a - +0 hand axe
rCold   + . .        (no shield)
rNeg    . . .        m - +2 scale mail {rC+}
rPois   .            (helmet restricted)
rElec   .            l - +0 cloak
rCorr   .            (no gloves)
SInv    .            (no boots)
Will    .....        (no amulet) Stlth
                     (no ring)
HPRegen 0.34/turn    (no ring)
MPRegen 0.09/turn

%: no passive effects
@: berserking, very quick
A: horns 2, retaliatory headbutt
a: Renounce Religion, Berserk, Trog's Hand


You were on level 4 of the Dungeon.
You worshipped Trog.
Trog was pleased with you.
You visited 1 branch of the dungeon, and saw 4 of its levels.

You collected 164 gold pieces.

Inventory:

Hand Weapons
 a - a +0 hand axe (weapon)
Armour
 b - a +0 animal skin
 l - a +0 cloak (worn)
 m - a +2 scale mail of cold resistance (worn)
Jewellery
 j - a ring of ice
Wands
 q - a wand of charming (10)
 r - a wand of iceblast (7)
Scrolls
 c - 2 scrolls of teleportation {unknown}
 d - a scroll of vulnerability {unknown}
 e - a scroll of brand weapon {unknown}
 g - 3 scrolls of identify {unknown}
 h - 2 scrolls of revelation {unknown}
 i - a scroll of blinking {unknown}
 o - a scroll of noise {unknown}
 p - a scroll of enchant weapon {unknown}
 t - a scroll of summoning {unknown}
Potions
 f - a potion of brilliance {unknown}
 k - 2 potions of heal wounds {unknown}
 n - a potion of enlightenment {unknown}
 s - a potion of curing {unknown}


   Skills:
 + Level 5.2 Fighting
 + Level 6.4 Axes
 + Level 3.8 Armour
 + Level 3.4 Dodging
 + Level 0.6 Stealth


You had 5 spell levels left.
You didn't know any spells.
Your spell library was empty.

Dungeon Overview and Level Annotations

Branches:
Dungeon (4/15)             Temple (0/1) D:4

Altars:
Fedhas
Qazlal
Xom
Yredelemnul

Annotations:
D:4 1 transporter, DoomSlayer's ghost, weakling DgFi


Innate Abilities, Weirdness & Mutations

You have a pair of horns on your head.
You reflexively headbutt those who attack you in melee.


Message History

You shake off the liquid fire.
A bombardier beetle is nearby!
The bombardier beetle bites you but does no damage.
You hit the bombardier beetle.
The bombardier beetle is moderately wounded.
You barely miss the bombardier beetle.
You headbutt the bombardier beetle, but do no damage.
The bombardier beetle is moderately wounded.
The bombardier beetle bites you.
You slash the bombardier beetle!
The bombardier beetle is severely wounded.
You barely miss the bombardier beetle.
Your punch misses the bombardier beetle.
The bombardier beetle is severely wounded.
The bombardier beetle closely misses you.
You furiously retaliate!
You headbutt the bombardier beetle.
You hit the bombardier beetle but do no damage.
The bombardier beetle is severely wounded.
The bombardier beetle misses you.
You hit the bombardier beetle.
The bombardier beetle is almost dead.
You hit the bombardier beetle.
You kill the bombardier beetle!
Trog accepts your kill.
You see here a bombardier beetle corpse.
Found a stone staircase leading down.
A giant cockroach and an ogre come into view.
The ogre shouts!
You hit the ogre.
The ogre is lightly wounded.
The ogre hits you with a +0 giant club!
You hit the ogre.
The ogre is lightly wounded.
The ogre hits you with a +0 giant club!!
You slash the ogre!
The ogre is moderately wounded.
A red film seems to cover your vision as you go berserk!
You feel yourself moving faster!
You feel mighty!
The ogre hits you with a +0 giant club!!
You die...

###
###############.##
#................#
#†#############.##
###.# #.# .†..#
#.# ##### ##.## ##
#@..# .## #O#.#
..## .>B..# ...#
........ ......
####.#.### ...###
#. .# ..... #. .#
.###.# #. .# ## .#


You could see an ogre and a giant cockroach.

Vanquished Creatures
  2 bombardier beetles (D:4)
  A jelly (D:4)
  Crazy Yiuf (D:2)
  Ijyb (D:3)
  Natasha (thrice) (D:2)
  Terence (D:2)
  Robin (D:3)
  5 adders
  2 dart slugs
  3 endoplasms
  7 giant cockroaches
  11 goblins
  5 hobgoblins
  3 quokkas
  6 ball pythons
  4 bats
  4 frilled lizards
  6 kobolds
  5 rats
71 creatures vanquished.

Notes
Turn   | Place    | Note
-------+----------+-------------------------------------------
     0 | D:1      | Curundu the Minotaur Berserker began the quest for the Orb.
     0 | D:1      | Reached XP level 1. HP: 19/19 MP: 0/0
    84 | D:1      | Found a faded altar of an unknown god.
   238 | D:1      | Reached skill level 4 in Axes
   268 | D:1      | Reached XP level 2. HP: 27/27 MP: 1/1
   740 | D:2      | Reached ** piety under Trog
   741 | D:2      | Reached XP level 3. HP: 31/33 MP: 2/2
  1009 | D:2      | Found a runed translucent door.
  1010 | D:2      | Noticed Crazy Yiuf
  1019 | D:2      | Killed Crazy Yiuf
  1020 | D:2      | Reached XP level 4. HP: 28/41 MP: 3/3
  1083 | D:2      | Noticed Natasha
  1089 | D:2      | Killed Natasha
  1154 | D:2      | Reached skill level 5 in Axes
  1188 | D:2      | Noticed Terence
  1199 | D:2      | Killed Terence
  1200 | D:2      | Reached XP level 5. HP: 29/47 MP: 4/4
  1265 | D:2      | Noticed Natasha
  1278 | D:2      | Killed Natasha
  1410 | D:2      | Noticed Natasha
  1414 | D:2      | Killed Natasha
  1415 | D:2      | Reached skill level 5 in Fighting
  1771 | D:3      | Found a shimmering altar of Xom.
  1845 | D:3      | Found a stormy altar of Qazlal.
  1862 | D:3      | Found a basalt altar of Yredelemnul.
  2288 | D:3      | Noticed Grinder
  2290 | D:3      | Paralysed by Grinder for 3 turns
  2316 | D:3      | Found a blossoming altar of Fedhas.
  2404 | D:3      | Noticed Ijyb
  2411 | D:3      | Killed Ijyb
  2412 | D:3      | Reached skill level 6 in Axes
  2486 | D:3      | Noticed Robin
  2498 | D:3      | Killed Robin
  2499 | D:3      | Reached XP level 6. HP: 37/56 MP: 5/5
  2751 | D:4      | Found a staircase to the Ecumenical Temple.
  2776 | D:4      | Noticed DoomSlayer's ghost (weakling DgFi)
  2786 | D:4      | Found a transporter.
  2902 | D:4      | Slain by an ogre

Illustrated notes

Levels and vault maps discovered:
D:1:      doesnt_arrival_eight_statues, layout_basic,
          chequers_ecumenical_altar_island, hex_tiny
D:2:      layout_loops_ring, uniq_crazy_yiuf_cottage, uniq_natasha, uniq_terence
D:3:      minmay_spotlight, layout_basic, mainiacjoe_overflow_tiny_flanked,
          fedhas_altar_fruit_tree, grunt_qazlal_sundering,
          mainiacjoe_overflow_brackets, kennysheep_generic_room_4, uniq_ijyb,
          uniq_grinder, uniq_robin
D:4:      layout_loops_ring, minmay_temple_entry_grid,
          gammafunk_ghost_stat_death

Skill      XL: |  1  2  3  4  5 |
---------------+----------------+-----
Axes           | 4 5 6 |  6.4
Fighting       | 4 5 |  5.2
Armour         | 3 |  3.8
Dodging        | 3 |  3.4
Stealth        | |  0.6

Action                     |  1- 3 |  4- 6 || total
---------------------------+-------+-------++-------
  Melee: Hand axe          |    46 |   113 ||   159
         Headbutt          |     6 |    23 ||    29
         Punch             |     1 |     1 ||     2
 Invoke: Trog's Hand       |     1 |     4 ||     5
         Berserk           |       |     1 ||     1
 Armour: Animal skin       |    23 |    17 ||    40
         Scale mail        |       |    57 ||    57
  Dodge: Dodged            |    26 |    52 ||    78
